 Dungeon Crawl Stone Soup version 0.20.0-8-g6b59dc7 (webtiles) character file.

9888 Monsterracer the Martial Artist (level 11, -3/99 HPs)
             Began as a Naga Transmuter on June 1, 2017.
             Was a Priest of Cheibriados.
             Slain by a hippogriff (7 damage)
             ... on level 9 of the Dungeon.
             The game lasted 00:35:18 (12117 turns).

Monsterracer the Martial Artist (Naga Transmuter)  Turns: 12117, Time: 00:35:18

Health: -3/99      AC:  6    Str: 24    XL:     11   Next: 53%
Magic:  0/23       EV: 14    Int: 24    God:    Cheibriados [***...]
Gold:   259        SH:  0    Dex: 19    Spells: 0/14 levels left

rFire    + . .     SeeInvis +     - Unarmed
rCold    . . .     Gourm    .   (shield currently unavailable)
rNeg     . . .     Faith    .   b - +0 robe
rPois    +         Spirit   +   x - +0 helmet "Wejaitaf" {Regen+ Str+5} (curse)
rElec    .         Reflect  .   B - +0 cloak
rCorr    .         Harm     .   (gloves currently unavailable)
MR       +....                  (no barding)
Stlth    ++........             e - amulet of guardian spirit
Regen    0.7/turn               o - ring of protection from fire
MPRegen  0.2/turn               v - ring of magical power

@: blade hands, very slow
A: see invisible, deformed body, poison resistance, slowness 2, slow metabolism
1, spit poison 1, AC +3
a: Spit Poison, End Transformation, Bend Time, Temporal Distortion, Renounce
Religion


You were on level 9 of the Dungeon.
You worshipped Cheibriados.
Cheibriados was most pleased with you.
You were hungry.
You had blades for hands.
You visited 2 branches of the dungeon, and saw 10 of its levels.

You collected 466 gold pieces.
You spent 207 gold pieces at shops.

Inventory:

Missiles
 a - 126 arrows
 i - 7 javelins
 l - 2 poisoned tomahawks
 r - a tomahawk of returning
 s - 2 tomahawks (quivered)
 w - 2 throwing nets
Armour
 b - a +0 robe (worn)
 k - a +0 pair of gloves (melded)
 x - the cursed +0 helmet "Wejaitaf" (worn) {Regen+ Str+5}
   (You took it off Robin on level 2 of the Dungeon)

   It affects your strength (+5).
   It increases your rate of regeneration.
   It has a curse placed upon it.
 z - a +2 shield
 B - a +0 cloak (worn)
Jewellery
 e - an amulet of guardian spirit (around neck)
 o - a ring of protection from fire (left scythe-like blade)
 v - a ring of magical power (right scythe-like blade)
Wands
 u - a wand of lightning (15/15)
Scrolls
 f - 3 scrolls of fear
 h - 2 scrolls of remove curse
 j - 2 scrolls of magic mapping
 p - 6 scrolls of identify
 y - a scroll of amnesia
Potions
 m - 3 potions of brilliance
 n - 3 potions of curing
 A - a potion of magic
Comestibles
 c - 4 chunks of flesh
 d - 9 bread rations
 g - 5 fruits
 q - 2 royal jellies
 t - 4 meat rations


   Skills:
 + Level 6.6 Fighting
 + Level 2.9 Throwing
 + Level 5.7 Dodging
 * Level 11.8 Unarmed Combat
 - Level 2.0 Spellcasting
 + Level 9.3 Transmutations
 + Level 0.9 Invocations


You couldn't memorise any spells.
You knew the following spells:

 Your Spells              Type           Power        Failure   Level  Hunger
a - Ice Form              Ice/Tmut       ###.....     58%         4    #####..
b - Sticks to Snakes      Tmut           #####...     11%         2    ##.....
c - Spider Form           Tmut/Pois      ###.......   34%         3    ###....
d - Blade Hands           Tmut           #####.....   38%         5    ######.


Dungeon Overview and Level Annotations

Branches:
Dungeon (9/15)             Temple (1/1) D:7            Lair (0/6) D:9
    Orc: D:9-12

Altars:
Ashenzari
Cheibriados
Dithmenos
Elyvilon
Fedhas
Gozag
Hepliaklqana
Kikubaaqudgha
Makhleb
Nemelex Xobeh
Okawaru
Qazlal
Ru
Sif Muna
Trog
Uskayaw
Vehumet
Xom
Zin
The Shining One

Shops:
D:7 *

Annotations:
D:3 2 transporters


Innate Abilities, Weirdness & Mutations

You cannot wear boots.
Your serpentine skin is tough. (AC +3)
You have supernaturally acute eyesight. (SInv)
Armour fits poorly on your strangely shaped body.
Your system is resistant to poisons. (rPois)
You cover ground very slowly.
You have a slow metabolism.
You can spit poison.


Message History

The killer bee misses you. The killer bee stings you.
* * * LOW HITPOINT WARNING * * *
You slice the killer bee!!
You kill the killer bee!
Cheibriados thoroughly appreciates the change of pace.
You feel sick.
You slice the hippogriff!!
The hippogriff is severely wounded.
You feel sick. The hippogriff bites you!
* * * LOW MAGIC WARNING * * *;
* * * LOW HITPOINT WARNING * * *
The hippogriff pecks you!
* * * LOW MAGIC WARNING * * *;
* * * LOW HITPOINT WARNING * * *
The hippogriff claws you.
* * * LOW MAGIC WARNING * * *;
* * * LOW HITPOINT WARNING * * *
You feel better. The hippogriff bites you.
* * * LOW HITPOINT WARNING * * *
The hippogriff pecks you.
* * * LOW HITPOINT WARNING * * *
The hippogriff claws you!
You die...

#.... #...#
#... ###".
#..H# #...#
#...# .
######...#....
#...@Hy.......#
##.###...#....#
#.# #####....+
#.# ...# #.#
...# #.# ..#
#.# #.# # #.#


You could see a hippogriff and a hornet.

Vanquished Creatures
  Erica (D:8)
  5 two-headed ogres
  Pikel (D:8)
  Grinder (D:6)
  A hippogriff (D:9)
  Sigmund (D:6)
  Eustachio (D:7)
  6 orc warriors
  2 slaves (D:8)
  An ice beast (D:8)
  3 sky beasts
  A phantom (D:6)
  4 ogres
  5 centaurs
  A big kobold (D:7)
  9 bullfrogs
  3 gnoll sergeants
  A wyvern skeleton (D:8)
  2 scorpions
  9 killer bees
  2 howler monkeys (D:9)
  5 wights
  3 vampire bats (D:2)
  A centaur zombie (D:9)
  5 crimson imps
  4 hounds
  A bullfrog skeleton (D:9)
  5 orc priests
  6 orc wizards
  Jessica (D:2)
  3 iguanas
  8 worker ants
  Natasha (thrice) (D:2)
  A hound skeleton (D:9)
  Robin (D:2)
  5 gnolls (D:8)
  6 adders
  2 shadow imps
  2 oozes
  An adder skeleton (D:5)
  2 worms
  6 dart slugs
  5 leopard geckos
  39 orcs
  8 bats
  A bat skeleton (D:2)
  4 bat zombies (D:2)
  7 giant cockroaches
  21 goblins
  10 hobgoblins
  25 jackals
  A quokka (D:5)
  6 frilled lizards
  9 kobolds
  8 rats
275 creatures vanquished.

Vanquished Creatures (collateral kills)
  A giant cockroach (D:1)
  A jackal (D:1)
2 creatures vanquished.

Vanquished Creatures (others)
  A slave (D:8)
  A phantom (D:8)
  An ice beast (D:8)
  A shadow imp (D:8)
  A plant (D:3)
5 creatures vanquished.

Grand Total: 282 creatures vanquished

Notes
Turn   | Place    | Note
-------+----------+-------------------------------------------
     0 | D:1      | Monsterracer the Naga Transmuter began the quest for the Orb.
     0 | D:1      | Reached XP level 1. HP: 18/18 MP: 3/3
   237 | D:1      | Reached XP level 2. HP: 25/25 MP: 3/5
   241 | D:1      | Learned a level 2 spell: Sticks to Snakes
   790 | D:1      | Reached XP level 3. HP: 26/31 MP: 6/6
   799 | D:1      | Reached skill level 4 in Unarmed Combat
   968 | D:1      | Learned a level 3 spell: Spider Form
  1315 | D:2      | Noticed Natasha
  1326 | D:2      | Killed Natasha
  1326 | D:2      | Reached XP level 4. HP: 27/38 MP: 0/7
  1345 | D:2      | Noticed Natasha
  1352 | D:2      | Killed Natasha
  1423 | D:2      | Noticed Natasha
  1433 | D:2      | Killed Natasha
  1433 | D:2      | Reached skill level 5 in Unarmed Combat
  1571 | D:2      | Reached XP level 5. HP: 40/44 MP: 5/8
  1805 | D:2      | Found an ancient bone altar of Kikubaaqudgha.
  1835 | D:2      | Reached XP level 6. HP: 33/51 MP: 6/9
  2138 | D:2      | Noticed Robin
  2211 | D:2      | Killed Robin
  2211 | D:2      | Reached skill level 6 in Unarmed Combat
  2428 | D:2      | Found a sparkling altar of Nemelex Xobeh.
  2432 | D:2      | Noticed Jessica
  2443 | D:2      | Killed Jessica
  3083 | D:3      | Reached XP level 7. HP: 57/57 MP: 6/10
  3365 | D:3      | Found a bloodstained altar of Trog.
  3391 | D:3      | Found a transporter.
  3406 | D:3      | Found a transporter.
  4546 | D:5      | Entered Level 5 of the Dungeon
  4552 | D:5      | Reached skill level 7 in Unarmed Combat
  5525 | D:5      | Reached skill level 5 in Transmutations
  5535 | D:5      | Reached XP level 8. HP: 53/67 MP: 2/11
  5542 | D:5      | Learned a level 5 spell: Blade Hands
  5805 | D:5      | Found a radiant altar of Vehumet.
  5808 | D:5      | Found a glowing golden altar of the Shining One.
  5811 | D:5      | Found a white marble altar of Elyvilon.
  6274 | D:6      | Got a twisted mace
  6275 | D:6      | Identified the +3 mace "Lusmur" {freeze, rElec rC+} (You found it on level 6 of the Dungeon)
  6522 | D:6      | Noticed Sigmund
  6527 | D:6      | Reached skill level 8 in Unarmed Combat
  6536 | D:6      | Killed Sigmund
  6563 | D:6      | Noticed Grinder
  6573 | D:6      | Paralysed by Grinder for 6 turns
  6585 | D:6      | Killed Grinder
  6597 | D:6      | Noticed a two-headed ogre
  6618 | D:6      | Killed a two-headed ogre
  6618 | D:6      | Reached skill level 9 in Unarmed Combat
  6618 | D:6      | Reached XP level 9. HP: 44/78 MP: 4/12
  7421 | D:7      | Noticed Eustachio
  7820 | D:7      | Killed Eustachio
  7949 | D:6      | Found an iron altar of Okawaru.
  8319 | D:7      | Found Ikkisaha's Assorted Antiques.
  8322 | D:7      | Bought a steaming robe for 176 gold pieces
  8324 | D:7      | Bought a scroll labeled MIEREI QATEINO for 31 gold pieces
  8336 | D:7      | Identified the cursed +0 robe of Wiam {rCorr MP+9 Dex-5} (You bought it in a shop on level 7 of the Dungeon)
  8403 | D:7      | Reached XP level 10. HP: 87/87 MP: 13/13
  8736 | D:7      | Reached skill level 5 in Fighting
  8796 | D:7      | Found a staircase to the Ecumenical Temple.
  8805 | Temple   | Entered the Ecumenical Temple
  8996 | Temple   | Became a worshipper of Cheibriados the Contemplative
  9071 | D:8      | Noticed a two-headed ogre
  9084 | D:8      | Killed a two-headed ogre
  9084 | D:8      | Reached skill level 10 in Unarmed Combat
  9716 | D:8      | Noticed a two-headed ogre
  9725 | D:8      | Killed a two-headed ogre
  9795 | D:8      | Reached * piety under Cheibriados
  9866 | D:8      | Noticed Pikel
  9883 | D:8      | Killed Pikel
  9883 | D:8      | Reached skill level 5 in Dodging
  9896 | D:8      | Reached skill level 1 in Throwing
 10021 | D:8      | Noticed a two-headed ogre
 10027 | D:8      | Killed a two-headed ogre
 10027 | D:8      | Reached skill level 11 in Unarmed Combat
 10027 | D:8      | Reached XP level 11. HP: 90/97 MP: 14/14
 10457 | D:2      | Got a brightly glowing helmet
 10463 | D:2      | Identified the cursed +0 helmet "Wejaitaf" {Regen+ Str+5} (You took it off Robin on level 2 of the Dungeon)
 10585 | D:8      | Learned a level 4 spell: Ice Form
 10748 | D:8      | Noticed Erica
 10755 | D:8      | Killed Erica
 10762 | D:8      | Reached ** piety under Cheibriados
 11276 | D:9      | Found an opulent altar of Gozag.
 11367 | D:9      | Noticed a two-headed ogre
 11373 | D:9      | Killed a two-headed ogre
 11768 | D:9      | Reached *** piety under Cheibriados
 11913 | D:9      | Found a staircase to the Lair.
 12116 | D:9      | HP: 4/99 [hippogriff (5)]
 12116 | D:9      | HP: 1/99 [hippogriff (3)]
 12117 | D:9      | Slain by a hippogriff

Skill      XL: |  1  2  3  4  5  6  7  8  9 10 11 |
---------------+----------------------------------+-----
Unarmed Combat | 4 5 6 7 9 11 | 11.8
Transmutations | 3 4 5 7 8 9 |  9.3
Dodging        | 2 3 4 5 |  5.7
Fighting       | 2 3 4 6 |  6.6
Throwing       | 1 2 |  2.9
Spellcasting   | |  2.0
Invocations    | |  0.9

Action                   |  1- 3 |  4- 6 |  7- 9 | 10-12 || total
-------------------------+-------+-------+-------+-------++-------
Melee: Unarmed           |   113 |   145 |   441 |   297 ||   996
       Headbutt          |     7 |     4 |    13 |       ||    24
       Punch             |       |     6 |     5 |     5 ||    16
 Cast: Beastly Appendage |     8 |     7 |    10 |       ||    25
       Spider Form       |     1 |    10 |    25 |    24 ||    60
       Sticks to Snakes  |     1 |       |     2 |       ||     3
       Blade Hands       |       |       |     1 |     8 ||     9
       Ice Form          |       |       |       |     1 ||     1
 Abil: Spit Poison       |     4 |     7 |    12 |    16 ||    39
  Use: Potion            |     1 |     5 |     4 |     2 ||    12
       Scroll            |       |       |    13 |     2 ||    15
 Stab: Sleeping          |       |       |       |     1 ||     1
  Eat: Chunk             |     1 |     6 |    19 |    14 ||    40
       Fruit             |       |       |     1 |       ||     1
Armor: Robe              |    20 |    68 |    62 |    21 ||   171
       Skin              |       |       |     7 |     6 ||    13
Dodge: Dodged            |    74 |   159 |   272 |   196 ||   701
